 Dungeon Crawl Stone Soup version 0.22-a0-282-gdd34a7d (webtiles) character file.

780 Amnesiac the Ducker (level 7, 0/44 HPs)
             Began as a Tengu Air Elementalist on Mar 17, 2018.
             Slain by a leopard gecko (3 damage)
             ... on level 5 of the Dungeon.
             The game lasted 00:07:13 (4201 turns).

Amnesiac the Ducker (Tengu Air Elementalist)        Turns: 4201, Time: 00:07:14

Health: 0/44       AC:  6    Str:  5 (8)  XL:     7   Next: 85%
Magic:  2/20       EV: 15    Int: 15 (17) God:
Gold:   187        SH:  0    Dex: 13 (15) Spells: 5/10 levels left

rFire    . . .     SeeInvis .   b - +0 long sword
rCold    . . .     Gourm    .   (no shield)
rNeg     . . .     Faith    .   a - +0 robe
rPois    .         Spirit   .   (helmet restricted)
rElec    .         Reflect  .   (no cloak)
rCorr    .         Harm     .   (no gloves)
MR       .....     Rnd*Tele +   (boots unavailable)
Stlth    ++........             (no amulet)
HPRegen  0.14/turn              d - +4 ring of protection
MPRegen  0.17/turn              v - ring of Zuegh {*Tele +Blink +Inv MP+9}

@: no status effects
A: beak, talons 3, able to fly 1
a: Fly, Evoke Blink, Evoke Invisibility


You were on level 5 of the Dungeon.
You were not hungry.

You visited 1 branch of the dungeon, and saw 5 of its levels.
You also visited: Sewer.

You collected 187 gold pieces.

Inventory:

Hand Weapons
 b - a +0 long sword (weapon)
 j - a +0 dagger of protection
Missiles
 i - 73 poisoned needles
Armour
 a - a +0 robe (worn)
Jewellery
 d - a +4 ring of protection (left hand)
 v - the ring of Zuegh (right hand) {*Tele +Blink +Inv MP+9}
   (You found it on level 5 of the Dungeon)

   [ring of teleportation]

   It may teleport you next to monsters.
   It affects your magic capacity (+9).
   It lets you turn invisible.
   It lets you blink.
 w - an uncursed ring of positive energy
Wands
 s - a wand of flame (13)
Scrolls
 e - 7 scrolls of identify {!r, unknown}
 f - a scroll of immolation {!r, unknown}
 h - 6 scrolls of remove curse {!r, unknown}
 l - a scroll of fear {!r, unknown}
 p - a scroll of random uselessness {!r, unknown}
 r - a scroll of teleportation {!r, unknown}
 y - a scroll of amnesia {!r, unknown}
Potions
 g - 4 potions of degeneration {!q}
 k - a potion of curing {!q, unknown}
 m - a potion of cancellation {!q, unknown}
 n - a potion of invisibility {!q, unknown}
 o - 2 potions of might {!q, unknown}
 q - a potion of ambrosia {!q, unknown}
 t - a potion of agility {!q, unknown}
 u - a potion of lignification {!q, unknown}
 x - a potion of brilliance {!q, unknown}
 z - a potion of heal wounds {!q, unknown}
Comestibles
 c - 14 rations
 A - 7 chunks of flesh


   Skills:
 * Level 5.4 Fighting
 * Level 6.1 Dodging
 - Level 2.0 Stealth
 - Level 2.0 Spellcasting
 - Level 4.5 Conjurations
 + Level 4.1 Air Magic


You had 5 spell levels left.
You knew the following spells:

 Your Spells              Type           Power        Failure   Level  Hunger
a - Shock                 Conj/Air       ##..         3%          1    #......
b - Static Discharge      Conj/Air       ##......     11%         3    ###....
z - Confusing Touch       Hex            #.....       22%         1    #......


Dungeon Overview and Level Annotations

Branches:
Dungeon (5/15)
 Temple: D:4-7

Altars:
Dithmenos
Elyvilon
Trog
Yredelemnul
The Shining One

Annotations:
D:5 Prince Ribbit


Innate Abilities, Weirdness & Mutations

You have a beak for a mouth.
You have claws for feet.
You can fly.


Message History

Prince Ribbit blinks!
Prince Ribbit is too close now for your liking.
Casting: Shock (safe; 3% risk of failure)
Confirm with . or Enter, or press ? or * to list all spells.
Aiming: Shock (safe; 3% risk of failure)
Press: ? - help, Shift-Dir - straight line, f/p - Prince Ribbit
Aim: Prince Ribbit (lightly wounded)
The zap misses Prince Ribbit.
Prince Ribbit catches a millipede with his tongue.
Casting: Shock (safe; 3% risk of failure)
Confirm with . or Enter, or press ? or * to list all spells.
Prince Ribbit is struck by lightning.
Prince Ribbit is moderately wounded.
The lightning arcs!
You are struck by lightning.
The lightning grounds out.
Prince Ribbit hits you. x2
Casting: Static Discharge (safe; 10% risk of failure)
Confirm with . or Enter, or press ? or * to list all spells.
Prince Ribbit is struck by lightning.
Prince Ribbit is heavily wounded.
The lightning arcs!
You are struck by lightning.
The lightning grounds out.
Prince Ribbit completely misses you.
You riposte.
You closely miss Prince Ribbit.
Prince Ribbit is heavily wounded.
Casting: Static Discharge (safe; 10% risk of failure)
Confirm with . or Enter, or press ? or * to list all spells.
Prince Ribbit is struck by lightning.
Prince Ribbit is severely wounded.
The lightning arcs!
You are struck by lightning.
The lightning grounds out.
Prince Ribbit hits you!
* * * LOW HITPOINT WARNING * * *
Prince Ribbit closely misses you.
Casting: Static Discharge (safe; 10% risk of failure)
Confirm with . or Enter, or press ? or * to list all spells.
Prince Ribbit is struck by lightning.
Prince Ribbit is almost dead.
The lightning arcs!
You are struck by lightning.
* * * LOW HITPOINT WARNING * * *
The lightning grounds out.
Prince Ribbit blinks!
Casting: Static Discharge (safe; 10% risk of failure)
Confirm with . or Enter, or press ? or * to list all spells.
Aiming: Shock (safe; 3% risk of failure)
Press: ? - help, Shift-Dir - straight line, f/p - Prince Ribbit
Aim: Prince Ribbit (almost dead)
The zap misses Prince Ribbit.
You are suddenly yanked towards some nearby monsters!
Your surroundings suddenly seem different.
A leopard gecko comes into view.
The leopard gecko hisses angrily.
The centaur wields a shortbow.
The centaur shoots an arrow.
The arrow closely misses you.
Found an arrow and a scroll labeled TABUOSAOSH.
A centaur comes into view. It is wielding a shortbow.
The centaur shoots an arrow.
The arrow hits you!
* * * LOW HITPOINT WARNING * * *
You hear a shout!
You see here 2 arrows.
Really quaff
g - 5 bubbling grey potions {!q}?
It was a potion of degeneration {!q}.
There was something very wrong with that liquid.
You feel weakened.
You feel dopey.
You feel clumsy.
Put on which piece of jewellery? (? for menu, Esc to quit)
Okay, then.
You fail to use your ability.
The leopard gecko bites you.
You die...

#. .#####.
......
#....########..
. #
#......#.....#
#..#
#......@.....#
#...
###.....l#####.#
........##
#..###...#
.c#....
........... ##..
...##....
##..?..# .... .
# c.... ... .


You could see a centaur and a leopard gecko.

Vanquished Creatures
  The ghost of Amnesiac the Magician, a novice HuWz of Sif Muna (D:4)
  Purgy (Sewer)
  An ogre (D:4)
  A water moccasin skeleton (D:4)
  A hound (D:5)
  Jessica (D:3)
  An iguana (D:3)
  A worker ant (D:5)
  7 adders
  A worm (D:3)
  5 leopard geckos
  9 orcs
  A ball python (D:2)
  5 giant cockroaches (D:3)
  12 goblins
  9 hobgoblins
  3 jackals (D:3)
  7 kobolds
  A ball python skeleton (D:4)
  15 bats
  9 frilled lizards
  A quokka skeleton (D:4)
  10 rats
103 creatures vanquished.

Notes
Turn   | Place    | Note
-------+----------+-------------------------------------------
     0 | D:1      | Amnesiac the Tengu Air Elementalist began the quest for the Orb.
     0 | D:1      | Reached XP level 1. HP: 10/10 MP: 4/4
    55 | D:1      | Reached skill level 1 in Fighting
    98 | D:1      | Reached XP level 2. HP: 13/16 MP: 0/6
   504 | D:1      | Reached XP level 3. HP: 21/21 MP: 3/7
   509 | D:1      | Learned a level 3 spell: Static Discharge
   666 | D:1      | Found a glowing golden altar of the Shining One.
  1402 | D:2      | Reached XP level 4. HP: 27/27 MP: 0/8
  1519 | D:2      | Reached skill level 3 in Dodging
  1683 | D:2      | Learned a level 1 spell: Confusing Touch
  1733 | D:3      | Found a white marble altar of Elyvilon.
  1997 | D:3      | Gained mutation: You can fly. [Tengu growth]
  1997 | D:3      | Reached XP level 5. HP: 30/32 MP: 7/9
  2091 | D:3      | Found a shadowy altar of Dithmenos.
  2165 | D:3      | Noticed Jessica
  2169 | D:3      | Killed Jessica
  2253 | D:3      | Found a glowing drain.
  2301 | Sewer    | Entered a sewer
  2366 | Sewer    | Noticed Purgy
  2566 | Sewer    | Killed Purgy
  2566 | Sewer    | Reached skill level 4 in Dodging
  2566 | Sewer    | Reached XP level 6. HP: 32/38 MP: 5/10
  3021 | D:4      | Noticed Amnesiac's ghost (novice HuWz)
  3044 | D:4      | Killed Amnesiac's ghost
  3044 | D:4      | Reached skill level 5 in Dodging
  3044 | D:4      | Reached XP level 7. HP: 16/44 MP: 0/11
  3254 | D:4      | Found a basalt altar of Yredelemnul.
  3366 | D:4      | Found a bloodstained altar of Trog.
  3641 | D:4      | Reached skill level 5 in Fighting
  3911 | D:5      | Entered Level 5 of the Dungeon
  3987 | D:5      | Got a vibrating bone ring
  3998 | D:5      | Identified the ring of Zuegh {*Tele +Blink +Inv MP+9} (You found it on level 5 of the Dungeon)
  4134 | D:5      | Reached skill level 6 in Dodging
  4182 | D:5      | Noticed Prince Ribbit
  4201 | D:5      | Slain by a leopard gecko

Vault maps used:
D:1:      elethiomel_arrival_infinity_welcomes_careful_drivers,
          grunt_decor_mini_mirrors, tso_metal_star
D:3:      elyvilon_altar_3, nicolae_dithmenos_through_a_glass_darkly,
          first_ration, gup_sewer_entry_glass, uniq_jessica
D:4:      marbit_many_paths, overflow_temple_1_default
D:5:      lemuel_upstairs_altar, grunt_temple_overflow_open, basic_altar,
          serial_shops, shop, uniq_prince_ribbit1
Sewer:    kennysheep_door_sewer

Skill      XL: |  1  2  3  4  5  6  7 |
---------------+----------------------+-----
Fighting       | 1 2 3 4 5 |  5.4
Conjurations   | 2 3 4 |  4.5
Dodging        | 3 4 5 6 |  6.1
Stealth        | |  2.0
Spellcasting   | |  2.0
Air Magic      | |  4.1

Action                   |  1- 3 |  4- 6 |  7- 9 || total
-------------------------+-------+-------+-------++-------
Melee: Unarmed           |    16 |     4 |       ||    20
       Kick              |     1 |    11 |     4 ||    16
       Dagger            |       |    29 |       ||    29
       Peck              |       |     2 |     1 ||     3
       Long sword        |       |     1 |     4 ||     5
 Cast: Shock             |    89 |    89 |    43 ||   221
       Confusing Touch   |       |     1 |       ||     1
       Static Discharge  |       |       |     4 ||     4
 Abil: Fly               |       |     1 |       ||     1
  Use: Potion            |       |       |     1 ||     1
 Stab: Sleeping          |       |     3 |     1 ||     4
  Eat: Chunk             |     3 |     6 |     2 ||    11
       Ration            |       |       |     1 ||     1
Armor: Robe              |     9 |    26 |     5 ||    40
Dodge: Dodged            |    19 |    45 |    18 ||    82
       Rpst.: Long sword |       |       |     7 ||     7

Table legend:
 A = Spawn XP
 B = Non-spawn XP
 C = Spawn XP percentage of total XP
 D = Spawn monster count
 E = Non-spawn monster count
 F = Spawn count percentage of total count
 G = Total turns spent on level
                    A         B        C        D         E        F      G
               +---------+---------+-------+---------+---------+-------+---------
         Total |       0 |    1115 |   0.0 |       0 |     103 |   0.0 |  4201
               +---------+---------+-------+---------+---------+-------+---------
           D:1 |       0 |      50 |   0.0 |       0 |      30 |   0.0 |  1055
           D:2 |       0 |      54 |   0.0 |       0 |      22 |   0.0 |   647
           D:3 |       0 |     156 |   0.0 |       0 |      30 |   0.0 |   972
           D:4 |       0 |     603 |   0.0 |       0 |      11 |   0.0 |   947
           D:5 |       0 |      96 |   0.0 |       0 |       4 |   0.0 |   290
         Sewer |       0 |     156 |   0.0 |       0 |       6 |   0.0 |   290
               +---------+---------+-------+---------+---------+-------+---------
